 Dungeon Crawl Stone Soup version 0.30.1-3-gfc49f6343a (console) character file.

Game seed: 2582534705105694729

155 Zeor the Cudgeller (level 5, -1/21 (31) HPs)
             Began as a Gargoyle Reaver on Aug 5, 2023.
             Killed from afar by Sigmund (8 damage)
             ... with a magic dart
             ... on level 4 of the Dungeon on Aug 6, 2023.
             The game lasted 00:11:45 (2686 turns).

Zeor the Cudgeller (Gargoyle Reaver)                Turns: 2686, Time: 00:11:46

HP:   -1/21 (31)    AC: 10    Str: 16    XL:     5   Next: 37%
MP:   6/9           EV: 11    Int: 15    God:
Gold: 135           SH:  0    Dex:  8    Spells: 4/10 levels left

rFire   + . .        a - +0 quarterstaff
rCold   . . .        (shield currently unavailable)
rNeg    + . .        b - +0 leather armour
rPois   ∞            (no helmet)
rElec   +            e - scarf {+Inv}
rCorr   .            (no gloves)
SInv    .            h - +2 pair of boots
Will    .....        (no amulet)
Stlth   +            d - ring of protection from fire
HPRegen 0.23/turn    l - ring of flight
MPRegen 0.11/turn

%: no passive effects
@: flying, very heavily drained
A: sickness immunity, AC +4, negative energy resistance 1, electricity
resistance, torment resistance 1, petrification resistance
a: Evoke Invisibility


You were on level 4 of the Dungeon.
You visited 1 branch of the dungeon, and saw 4 of its levels.

You collected 135 gold pieces.

Inventory:

Hand Weapons
 a - a +0 quarterstaff (weapon)
 m - a +0 mace
Armour
 b - a +0 leather armour (worn)
 e - a scarf of invisibility (worn)
 h - a +2 pair of boots (worn)
Magical Staves
 i - a staff of earth
Jewellery
 d - a ring of protection from fire (left hand)
 l - a ring of flight (right hand)
Scrolls
 c - a scroll of teleportation
 f - a scroll of magic mapping
Potions
 g - 4 potions of curing
 k - a potion of mutation {unknown}


   Skills:
 + Level 2.7 Fighting
 + Level 3.9 Maces & Flails
 + Level 0.5(2.4) Staves
 + Level 1.5 Armour
 + Level 1.8 Dodging
 * Level 3.1 Spellcasting
 + Level 3.6 Conjurations
 + Level 0.6 Translocations


You had 4 spell levels left.
You knew the following spells:

 Your Spells              Type           Power      Damage    Failure   Level
a - Kiss of Death         Conj/Necr      28%        2d7       12%         1
b - Momentum Strike       Conj/Tloc      16%        3d8       16%         2
c - Hailstorm             Conj/Ice       7%         3d4       34%         3

Your spell library contained the following spells:

 Spells                   Type           Power      Damage    Failure   Level
 Summon Small Mammal      Summ           8%         N/A       24%         1
 Call Canine Familiar     Summ           2%         N/A       58%         3
 Summon Guardian Golem    Hex/Summ       2%         N/A       58%         3


Dungeon Overview and Level Annotations

Branches:
Dungeon (4/15)
 Temple: D:4-7

Altars:
Kikubaaqudgha

Annotations:
D:4 Sigmund


Innate Abilities, Weirdness & Mutations

You are immune to sickness and miasma.
Your stone body is resilient. (AC +4)
You are immune to poison.
You resist negative energy. (rN+)
You are resistant to electric shocks. (rElec)
You are resistant to unholy torment.
You are immune to petrification.


Message History

It was a potion of heal wounds.
You feel much better.
Casting: Momentum Strike (safe; 16% risk of failure)
Confirm with . or Enter, or press ? or * to list all spells.
Aiming: Momentum Strike (safe; 16% risk of failure)
Press: ? - help, Dir - move target, f - Sigmund
Aim: Sigmund, wielding a +0 scythe and wearing a +0 robe (64% to hit)
The concentrated momentum misses Sigmund.
Sigmund hits you but does no damage.
Casting: Momentum Strike (safe; 16% risk of failure)
Confirm with . or Enter, or press ? or * to list all spells.
Aiming: Kiss of Death (safe; 12% risk of failure)
Press: ? - help, Shift-Dir - straight line, f/p - Sigmund
Aim: Sigmund, wielding a +0 scythe and wearing a +0 robe (100% to hit)
The negative energy hits Sigmund!
Sigmund is drained!
Sigmund is heavily wounded.
You feel drained.
You hit Sigmund but do no damage.
Sigmund is heavily wounded.
Sigmund casts a spell.
Sigmund flickers and vanishes!
Deactivating autopickup; reactivate with Ctrl-A.
Something hits you.
You closely miss something. You closely miss something.
You hear some strange, mumbled words.
A puff of flame appears from out of thin air!
The puff of flame misses you.
You closely miss something. Something hits you but does no damage.
You closely miss something. Something hits you!
You miss something. Something hits you!
* * * LOW HITPOINT WARNING * * *
Casting: Kiss of Death (safe; 12% risk of failure)
Confirm with . or Enter, or press ? or * to list all spells.
Aiming: Kiss of Death (safe; 12% risk of failure)
Press: ? - help, Shift-Dir - straight line The negative energy hits something!
You feel drained.
You hear some strange, mumbled words.
A magic dart appears from out of thin air!
The magic dart hits you!
You die... ▒ ∙∙∙∙∙∙∙

▒∙ ▒∙∙∙▒ ▒ ▒∙ ▒▒▒∙∙∙▒▒▒∙▒
▒∙▒▒∙∙∙∙∙∙∙▒∙▒▒▒∙▒
▒▒∙∙∙∙∙∙∙∙∙∙∙∙∙∙∙∙∙
▒▒∙∙∙∙∙∙∙∙∙∙∙▒▒▒▒▒
▒▒∙∙∙∙∙∙∙∙∙∙<∙∙∙∙∙▒ ▒
▒∙∙∙∙∙∙∙∙∙∙∙▒▒▒▒▒∙▒ ▒∙▒▒
▒∙∙∙∙∙∙∙9∙∙∙▒ ▒∙▒▒∙∙∙∙▒
▒∙∙∙∙∙∙{∙∙)∙▒▒▒▒▒∙∙∙∙∙▒∙∙
▒▒∙∙∙∙∙∙∙∙▒∙)∙∙∙∙<∙∙∙∙∙∙▒
▒▒∙∙∙∙∙∙▒▒▒∙▒▒▒▒▒▒▒∙▒∙▒▒


∙∙∙∙∙∙∙∙∙ ∙∙▒ ∙▒ ∙▒ ▒▒▒∙∙∙∙∙▒∙∙∙∙▒ ▒ ▒▒∙∙∙▒▒∙▒∙∙▒ ▒▒∙▒ ▒∙▒∙∙▒ ▒∙ ∙ ∙∙∙▒ There
were no monsters in sight!

Vanquished Creatures
  A howler monkey (D:4)
  3 adders
  2 dart slugs
  6 worms
  9 orcs
  4 ball pythons
  5 endoplasms
  2 giant cockroaches
  2 hobgoblins
  3 quokkas
  A bat (D:1)
  3 frilled lizards
  5 goblins
  8 kobolds
  7 rats
61 creatures vanquished.

Notes
Turn   | Place    | Note
-------+----------+-------------------------------------------
     0 | D:1      | Zeor the Gargoyle Reaver began the quest for the Orb.
     0 | D:1      | Reached XP level 1. HP: 12/12 MP: 3/3
   152 | D:1      | Reached XP level 2. HP: 18/18 MP: 5/5
   163 | D:1      | Learned a level 2 spell: Momentum Strike
   392 | D:1      | You fall into a shaft and drop 1 floor!
   808 | D:2      | Reached XP level 3. HP: 16/22 MP: 6/6
   900 | D:2      | Learned a level 3 spell: Hailstorm
   918 | D:2      | Reached skill level 1 in Armour
  1025 | D:2      | Found a faded altar of an unknown god.
  1184 | D:2      | Found an ancient bone altar of Kikubaaqudgha.
  1851 | D:3      | Reached XP level 4. HP: 25/27 MP: 8/8
  2574 | D:4      | Reached XP level 5. HP: 20/31 MP: 6/9
  2673 | D:4      | Noticed Sigmund
  2686 | D:4      | Killed from afar by Sigmund

Illustrated notes

Levels and vault maps discovered:
D:1:      heliophobic_arrival_henge, layout_basic
D:2:      layout_loops_cross, dilly_ecumenical_altar_fadedgnrine, basic_altar,
          minmay_indecisive_spiral
D:3:      layout_loops_cross
D:4:      layout_loops_ring, gammafunk_ghost_cemetery, uniq_sigmund

Skill      XL: |  1  2  3  4 |
---------------+-------------+-----
Armour         | 1 |  1.5
Spellcasting   | 3 |  3.1
Fighting       | |  2.7
Maces & Flails | |  3.9
Staves         | |  0.5
Dodging        | |  1.8
Conjurations   | |  3.6
Translocations | |  0.6

Action                     |  1- 3 |  4- 6 || total
---------------------------+-------+-------++-------
  Melee: Mace              |   116 |    45 ||   161
         Quarterstaff      |       |    13 ||    13
   Cast: Momentum Strike   |     9 |    14 ||    23
         Kiss of Death     |     1 |     2 ||     3
    Use: Scroll            |     6 |       ||     6
         Potion            |       |     1 ||     1
 Armour: Leather armour    |    32 |    39 ||    71
  Dodge: Dodged            |    62 |    37 ||    99
